IL
LOUISVILLE BATS @ GWINNETT STRIPERS
04/17/2024
 
TOP OF THE 1ST
Louisville Bats batting - Pitching for Gwinnett Stripers : LHP Carter Parker
Pitching: LHP Carter Parker
Batting: SHB Bubba Osborn 0-0: Called Strike
0-1: Ball
1-1: Called Strike
1-2: Foul Ball, location: 2F
1-2: Ground out U3 (Groundball, 3S, EV 68.1 MPH)
Batting: RHB Junior Robinson 0-0: Ball
1-0: Ball
2-0: Ground out 5-3 (Groundball, 56, EV 101.9 MPH)
Batting: RHB Manny Magana 0-0: Ball
1-0: Ball
2-0: Ground out 4-3 (Groundball, 4, EV 78.1 MPH)
Top of the 1st over - 0 runs, 0 hits, 0 errors, 0 left on base; Louisville 0 - Gwinnett 0
BOTTOM OF THE 1ST
Gwinnett Stripers batting - Pitching for Louisville Bats : RHP Frankie Martin
Pitching: RHP Frankie Martin
Batting: LHB David Calabrese 0-0: Ball
1-0: Called Strike
1-1: Fly out, F8 (Flyball, 8LM, EV 88.8 MPH)
Batting: RHB Ronald Stanton 0-0: Ball
1-0: Swinging Strike
1-1: Ball
2-1: Fly out, F8 (Flyball, 8RM, EV 82.5 MPH)
Batting: LHB Matt Wallner 0-0: Ball
1-0: Swinging Strike
1-1: Foul Ball, location: 7LSF
1-2: Ball
2-2: Ball
3-2: Base on Balls
Batting: RHB Marvin Grun 0-0: Called Strike
0-1: Ball
1-1: Foul Ball, location: 2F
1-2: Strikes out looking
Bottom of the 1st over - 0 runs, 0 hits, 0 errors, 1 left on base; Louisville 0 - Gwinnett 0
TOP OF THE 2ND
Louisville Bats batting - Pitching for Gwinnett Stripers : LHP Carter Parker
Batting: SHB Erik Hooper 0-0: Ball
1-0: Swinging Strike
1-1: Ball
2-1: Ball
3-1: Foul Ball, location: 9LMF
3-2: Strikes out looking
Batting: RHB Cadyn Grenier 0-0: Ball
1-0: Ball
2-0: Called Strike
2-1: Ball
3-1: Base on Balls
Batting: LHB Michael Busch 0-0: Called Strike
0-1: Ball
1-1: Swinging Strike
1-2: Ball
2-2: Strikes out looking
Batting: RHB Ernesto Peña 0-0: 2-RUN HOME RUN (Flyball, 7D, EV 96.3 MPH), Distance : 374 ft
Batting: RHB Drew Hamrock 0-0: Ball
1-0: Ball
2-0: Foul Ball, location: 25F
2-1: Swinging Strike
2-2: Foul Ball, location: 2RF
2-2: Foul Ball, location: 2F
2-2: Fly out, F9 (Line Drive, 9, EV 103.1 MPH)
Top of the 2nd over - 2 runs, 1 hit, 0 errors, 0 left on base; Louisville 2 - Gwinnett 0
BOTTOM OF THE 2ND
Gwinnett Stripers batting - Pitching for Louisville Bats : RHP Frankie Martin
Batting: LHB Nick Schnell 0-0: Ball
1-0: Called Strike
1-1: Ball
2-1: Swinging Strike
2-2: DOUBLE (Line Drive, 5D, EV 96.3 MPH)
Batting: LHB Evan Edwards 0-0: Called Strike
0-1: Ball
1-1: Ground out 4-3 (Groundball, 4, EV 109.4 MPH)
Nick Schnell to third
Batting: RHB Zak White 0-0: Ball
1-0: Ball
2-0: Called Strike
2-1: Foul Ball, location: 9LMF
2-2: SINGLE (Groundball, 6D, EV 65.6 MPH) (infield hit)
Nick Schnell scores
Batting: RHB Sam House 0-0: Ball
1-0: Foul Ball, location: 23F
1-1: Ball
2-1: Ball
3-1: Foul Ball, location: 2F
3-2: Strikes out swinging
Batting: RHB Tom Harden 0-0: Ball
1-0: Called Strike
Balk!
Zak White to second
1-1: Ground out 4-3 (Groundball, 4, EV 85.0 MPH)
Bottom of the 2nd over - 1 run, 2 hits, 0 errors, 1 left on base; Louisville 2 - Gwinnett 1
TOP OF THE 3RD
Louisville Bats batting - Pitching for Gwinnett Stripers : LHP Carter Parker
Batting: RHB Micah Mason 0-0: Called Strike
0-1: Ball
1-1: Called Strike
1-2: Ball
2-2: TRIPLE (Line Drive, 8RXD, EV 100.0 MPH)
Batting: SHB Bubba Osborn 0-0: Ball
1-0: Foul Ball, location: 7LMF
1-1: Swinging Strike
1-2: Ball
2-2: Foul Ball, location: 5F
2-2: Strikes out swinging
Batting: RHB Junior Robinson 0-0: Called Strike
0-1: Ball
1-1: Foul Ball, location: 9LSF
1-2: Ball
2-2: Foul Ball, location: 2F
2-2: Strikes out looking
Batting: RHB Manny Magana 0-0: Ball
1-0: Foul Ball, location: 9LSF
1-1: Foul Ball, location: 3SF
1-2: Ball
2-2: Ground out 6-3 (Groundball, 6, EV 96.9 MPH)
Top of the 3rd over - 0 runs, 1 hit, 0 errors, 1 left on base; Louisville 2 - Gwinnett 1
BOTTOM OF THE 3RD
Gwinnett Stripers batting - Pitching for Louisville Bats : RHP Frankie Martin
Batting: LHB David Calabrese 0-0: Ball
1-0: Ball
2-0: Ground out 6-3 (Groundball, P, EV 85.6 MPH)
Batting: RHB Ronald Stanton 0-0: Foul Ball, location: 25FF
0-1: Ball
1-1: Ground out 3-1 (Groundball, 34S, EV 90.0 MPH)
Batting: LHB Matt Wallner 0-0: Ball
1-0: Foul Ball, location: 3F
1-1: Ball
2-1: DOUBLE (Line Drive, 7LM, EV 85.0 MPH)
Batting: RHB Marvin Grun 0-0: Ball
1-0: SINGLE (Line Drive, 8LS, EV 102.5 MPH)
Matt Wallner to third
Batting: LHB Nick Schnell 0-0: Ball
1-0: Swinging Strike
1-1: Called Strike
Marvin Grun steals 2nd base
1-2: Ball
2-2: SINGLE (Groundball, 34D, EV 95.6 MPH)
Matt Wallner scores
Marvin Grun to third
Runner from 3rd tries for Home, SAFE, throw by RF to home
Now in RF: Joshua Lowe
Batting: LHB Evan Edwards 0-0: Ball
1-0: Called Strike
1-1: Swinging Strike
1-2: Ball
2-2: Strikes out swinging
Bottom of the 3rd over - 2 runs, 3 hits, 0 errors, 1 left on base; Louisville 2 - Gwinnett 3
TOP OF THE 4TH
Louisville Bats batting - Pitching for Gwinnett Stripers : LHP Carter Parker
Batting: SHB Erik Hooper 0-0: Ball
1-0: Fly out, F7 (Flyball, 7LS, EV 83.1 MPH)
Batting: RHB Cadyn Grenier 0-0: Ball
1-0: Ball
2-0: Swinging Strike
2-1: Ground out 4-3 (Groundball, 4, EV 103.8 MPH)
Batting: LHB Michael Busch 0-0: Called Strike
0-1: Ball
1-1: Foul Ball, location: 2F
1-2: Strikes out swinging
Top of the 4th over - 0 runs, 0 hits, 0 errors, 0 left on base; Louisville 2 - Gwinnett 3
BOTTOM OF THE 4TH
Gwinnett Stripers batting - Pitching for Louisville Bats : RHP Frankie Martin
Batting: RHB Zak White 0-0: Called Strike
0-1: Ball
1-1: Fly out, F7 (Flyball, 78M, EV 83.8 MPH)
Batting: RHB Sam House 0-0: Ball
1-0: Ball
2-0: Called Strike
2-1: SINGLE (Groundball, 3D, EV 96.3 MPH) (infield hit)
Batting: RHB Tom Harden 0-0: Grounds into double play, 4-6-3 (Groundball, 34, EV 80.0 MPH)
Bottom of the 4th over - 0 runs, 1 hit, 0 errors, 0 left on base; Louisville 2 - Gwinnett 3
TOP OF THE 5TH
Louisville Bats batting - Pitching for Gwinnett Stripers : LHP Carter Parker
Batting: RHB Ernesto Peña 0-0: Ball
1-0: Ball
2-0: Called Strike
2-1: Fly out, F8 (Flyball, 8RXD, EV 111.3 MPH)
Batting: RHB Drew Hamrock 0-0: Swinging Strike
0-1: Foul Ball, location: 2F
0-2: Ball
1-2: Strikes out swinging
Batting: RHB Micah Mason 0-0: Called Strike
0-1: Ball
1-1: Foul Ball, location: 2F
1-2: Ball
2-2: Strikes out swinging
Top of the 5th over - 0 runs, 0 hits, 0 errors, 0 left on base; Louisville 2 - Gwinnett 3
BOTTOM OF THE 5TH
Gwinnett Stripers batting - Pitching for Louisville Bats : RHP Frankie Martin
Batting: LHB David Calabrese 0-0: Ball
1-0: Ball
2-0: Ground out 1-3 (Groundball, 13S, EV 65.6 MPH)
Batting: RHB Ronald Stanton 0-0: Ball
1-0: Foul Ball, location: 2F
1-1: Foul Ball, location: 7LSF
1-2: Strikes out swinging
Batting: LHB Matt Wallner 0-0: Ball
1-0: Ball
2-0: Foul Ball, location: 7LDF
2-1: SINGLE (Groundball, 4MD, EV 102.5 MPH)
Pitching: RHP David Rhodes
Batting: RHB Marvin Grun 0-0: Foul Ball, location: 23F
0-1: Ball
1-1: Swinging Strike
1-2: Foul Ball, location: 2F
1-2: 2-RUN HOME RUN (Flyball, 7D, EV 95.6 MPH), Distance : 371 ft
Batting: LHB Nick Schnell 0-0: Ball
1-0: Called Strike
1-1: Foul Ball, location: 7LDF
1-2: Ball
2-2: Foul Ball, location: 3F
2-2: Ball
3-2: Base on Balls
Batting: LHB Evan Edwards 0-0: Called Strike
0-1: Ground out 4-3 (Groundball, 4, EV 105.6 MPH)
Bottom of the 5th over - 2 runs, 2 hits, 0 errors, 1 left on base; Louisville 2 - Gwinnett 5
TOP OF THE 6TH
Louisville Bats batting - Pitching for Gwinnett Stripers : LHP Carter Parker
Batting: SHB Bubba Osborn 0-0: Ball
1-0: Ball
2-0: Called Strike
2-1: Ground out 6-3 (Groundball, 6D, EV 99.4 MPH)
Batting: RHB Junior Robinson 0-0: Ball
1-0: Called Strike
1-1: SINGLE (Line Drive, 34D, EV 108.8 MPH)
Batting: LHB Joshua Lowe 0-0: Foul Ball, location: 3F
0-1: Foul Ball, location: 3SF
0-2: Foul Ball, location: 2F
0-2: Ball
1-2: Foul Ball, location: 2F
1-2: Ball
2-2: Fielders Choice at 2nd, 4-6 (Groundball, 34, EV 89.4 MPH)
Batting: SHB Erik Hooper 0-0: Called Strike
0-1: Ball
1-1: Ball
2-1: Foul Ball, location: 7LSF
2-2: Ball
3-2: Strikes out looking
Top of the 6th over - 0 runs, 1 hit, 0 errors, 1 left on base; Louisville 2 - Gwinnett 5
BOTTOM OF THE 6TH
Gwinnett Stripers batting - Pitching for Louisville Bats : RHP David Rhodes
Batting: RHB Zak White 0-0: Called Strike
0-1: Called Strike
0-2: Ground out 5-3 (Groundball, 56, EV 108.1 MPH)
Batting: RHB Sam House 0-0: Fly out, F7 (Line Drive, 7, EV 101.9 MPH)
Batting: RHB Tom Harden 0-0: Fly out, F8 (Flyball, 78S, EV 95.0 MPH)
Bottom of the 6th over - 0 runs, 0 hits, 0 errors, 0 left on base; Louisville 2 - Gwinnett 5
TOP OF THE 7TH
Louisville Bats batting - Pitching for Gwinnett Stripers : LHP Carter Parker
Pitching: RHP Tony Gutiérrez
Batting: RHB Cadyn Grenier 0-0: Called Strike
0-1: Foul Ball, location: 3FF
0-2: Ball
1-2: Ball
2-2: Ball
3-2: Foul Ball, location: 9LMF
3-2: Foul Ball, location: 2F
3-2: Foul Ball, location: 3DF
3-2: Strikes out looking
Batting: LHB Michael Busch 0-0: Called Strike
0-1: Ball
1-1: Called Strike
1-2: Strikes out looking
Batting: RHB Ernesto Peña 0-0: Ball
1-0: Ball
2-0: Ground out U3 (Groundball, 3, EV 75.6 MPH)
Top of the 7th over - 0 runs, 0 hits, 0 errors, 0 left on base; Louisville 2 - Gwinnett 5
BOTTOM OF THE 7TH
Gwinnett Stripers batting - Pitching for Louisville Bats : RHP David Rhodes
Pitching: LHP Antoine Kelly
Batting: LHB David Calabrese 0-0: Ball
1-0: Ball
2-0: Called Strike
2-1: Fly out, F7 (Flyball, 7, EV 93.8 MPH)
Batting: RHB Ronald Stanton 0-0: Ball
1-0: Ball
2-0: DOUBLE (Line Drive, 78M, EV 104.4 MPH)
Batting: LHB Matt Wallner 0-0: Ball
1-0: Called Strike
1-1: Swinging Strike
1-2: Foul Ball, location: 25F
1-2: Ball
2-2: Strikes out swinging, 2-3 out at first.
Batting: RHB Marvin Grun 0-0: Ball
1-0: Swinging Strike
1-1: Fly out, F9 (Line Drive, 89M, EV 86.9 MPH)
Bottom of the 7th over - 0 runs, 1 hit, 0 errors, 1 left on base; Louisville 2 - Gwinnett 5
TOP OF THE 8TH
Louisville Bats batting - Pitching for Gwinnett Stripers : RHP Tony Gutiérrez
Batting: RHB Drew Hamrock 0-0: SINGLE (Line Drive, 34D, EV 98.1 MPH)
Batting: RHB Micah Mason 0-0: Called Strike
0-1: Ball
1-1: Fly out, F9 (Flyball, 9D, EV 105.6 MPH)
Batting: SHB Bubba Osborn 0-0: Called Strike
0-1: Ground out 4-3 (Groundball, 4, EV 86.9 MPH)
Drew Hamrock to second
Batting: RHB Junior Robinson 0-0: Fly out, F9 (Flyball, 9, EV 91.9 MPH)
Top of the 8th over - 0 runs, 1 hit, 0 errors, 1 left on base; Louisville 2 - Gwinnett 5
BOTTOM OF THE 8TH
Gwinnett Stripers batting - Pitching for Louisville Bats : LHP Antoine Kelly
Batting: LHB Nick Schnell 0-0: Fly out, F6 (Line Drive, 6, EV 71.3 MPH)
Batting: LHB Evan Edwards 0-0: Ball
1-0: Called Strike
1-1: Foul Ball, location: 2F
1-2: Reached on error, E4 (Groundball, 4, EV 91.3 MPH)
Batting: RHB Zak White 0-0: Ball
1-0: Foul Ball, location: 3DF
1-1: Swinging Strike
1-2: Ball
2-2: Grounds into double play, 5-4-3 (Groundball, 56, EV 103.8 MPH)
Bottom of the 8th over - 0 runs, 0 hits, 1 error, 0 left on base; Louisville 2 - Gwinnett 5
TOP OF THE 9TH
Louisville Bats batting - Pitching for Gwinnett Stripers : RHP Tony Gutiérrez
Pitching: RHP Jhoan Duran
Batting: LHB Joshua Lowe 0-0: Ball
1-0: Fly out, F7 (Line Drive, 78D, EV 88.8 MPH)
Batting: SHB Erik Hooper 0-0: Called Strike
0-1: Ball
1-1: SOLO HOME RUN (Flyball, 7D, EV 98.8 MPH), Distance : 361 ft
Batting: RHB Cadyn Grenier 0-0: Called Strike
0-1: Fly out, F2 (Popup, 2LF, EV 91.3 MPH)
Batting: LHB Michael Busch 0-0: Foul Ball, location: 25F
0-1: Swinging Strike
0-2: Ball
1-2: Ball
2-2: Ball
3-2: Foul Ball, location: 2F
3-2: Strikes out looking
Top of the 9th over - 1 run, 1 hit, 0 errors, 0 left on base; Louisville 3 - Gwinnett 5
Tuesday, April 23rd , 2024 - OOTP Baseball 24.11 Build 85